 Dungeon Sprint DCSS version 0.30.1-4-g462c640d31 (webtiles) character file.

Game seed: 11956175717957533713

1201 Heoruswealwe the Protected (level 8, -9/77 HPs)
             Began as a Demigod Fighter on Aug 17, 2023.
             Shot with an arrow by a centaur warrior (23 damage)
             ... in the Dungeon (Sprint I: "Red Sonja").
             The game lasted 00:04:19 (549 turns).

Heoruswealwe the Protected (Demigod Fighter)         Turns: 549, Time: 00:04:22

Health: -9/77      AC: 10    Str: 28    XL:     8   Next: 1%
Magic:  10/10      EV: 10    Int: 10    God:
Gold:   392        SH:  6    Dex: 13    Spells: 7/7 levels left

rFire   + . .        a - +0 war axe
rCold   . . .        c - +0 buckler
rNeg    . . .        k - +2 ring mail {rF+}
rPois   .            (no helmet)
rElec   .            (no cloak)
rCorr   .            d - +0 pair of gloves {Str+3}
SInv    .            (no boots)
Will    .....        (no amulet)
Stlth   +            (no ring)
HPRegen 0.32/turn    (no ring)
MPRegen 0.12/turn

%: no teleportation
@: no status effects
A: high MP 1, forlorn, divine attributes
a: no special abilities


You were in the Dungeon.
You visited 1 branch You collected 412 gold pieces.
You spent 20 gold pieces at shops.

Inventory:

Hand Weapons
 a - a +0 war axe (weapon)
Armour
 c - a +0 buckler (worn)
 d - a +0 pair of gloves of strength (worn)
 k - a +2 ring mail of fire resistance (worn)
Wands
 i - a wand of flame (7)
Scrolls
 g - a scroll of identify {unknown}
 j - a scroll of blinking
Potions
 b - a potion of might
 e - a potion of curing
 h - 2 potions of magic


   Skills:
 + Level 8.9 Fighting
 + Level 8.6 Axes
 + Level 8.9 Armour
 + Level 8.9 Shields


You had 7 spell levels left.
You didn't know any spells.
Your spell library was empty.

Dungeon Overview and Level Annotations

Branches:
Dungeon (1/1)

Shops:
D *


Innate Abilities, Weirdness & Mutations

You have an increased reservoir of magic. (+10% MP)
You shall have no god before yourself.
Your divine heritage dramatically boosts your attributes as you level up.


Message History

a +2 dagger of venom; a +0 robe
Things that are here:
a +0 dagger; a +0 robe
There is an open door here.
There is an open door here.
There is an open door, spattered with blood here.
There is an open door here.
You open the door.
A centaur warrior comes into view.
The centaur warrior shouts!
The centaur warrior wields a +0 longbow.
The centaur warrior shoots an arrow.
The arrow hits you!
Found 5 gold pieces and a potion of curing.
The centaur warrior shoots an arrow.
The arrow closely misses you.
You hear a shout!
A centaur warrior comes into view.
There is a shimmering blue altar of Sif Muna here.
The centaur warrior shoots an arrow.
The arrow hits you!!
The centaur warrior moves out of view.
There is an open door, spattered with blood here.
The centaur warrior shouts!
The centaur warrior wields a +0 longbow.
The centaur warrior shoots an arrow.
The arrow hits you!!
The centaur warrior unwields a +0 longbow.
The centaur warrior hits you!
* * * LOW HITPOINT WARNING * * *
The centaur warrior kicks you but does no damage.
There is a shimmering blue altar of Sif Muna, spattered with blood here.
You feel much better. The centaur warrior hits you.
The centaur warrior kicks you but does no damage.
You barely miss the centaur warrior. The centaur warrior hits you.
The centaur warrior kicks you.
You hit the centaur warrior but do no damage.
The centaur warrior shoots an arrow.
The arrow hits you!
* * * LOW HITPOINT WARNING * * *
The centaur warrior hits you.
* * * LOW HITPOINT WARNING * * *
You block the centaur warrior's attack.
The centaur warrior shoots an arrow.
The arrow hits you!!
You die...

##########################
#<.#[.').#..'..#__#..')..#
#..)..#..').#..'..'..#)..#
#..#####'#####'#__####...+
#..####..#...#.####§§#####
#..#__####..##.#§§§§§#
#..#_____##'#_c§c~§..+
#⌠⌠#_.∩...'...@#§~~.§#
####_..__##_.#'##+####
#_____###+#.# ####### ###


You could see 2 centaur warriors.

Vanquished Creatures
  2 kobold demonologists (D)
  A slime creature (D)
  Sigmund (D)
  A yak (D)
  A floating eye (D)
  An ogre (D)
  A jelly (D)
  Ijyb (D)
9 creatures vanquished.

Notes
Turn   | Place    | Note
-------+----------+-------------------------------------------
     0 | D        | Heoruswealwe the Demigod Fighter began the quest for the
                  | Orb.
     0 | D        | Reached XP level 1. HP: 18/18 MP: 3/3
     1 | D        | Noticed Ijyb
     6 | D        | Killed Ijyb
     7 | D        | Reached XP level 2. HP: 27/27 MP: 4/4
    50 | D        | Noticed an ogre
    53 | D        | Killed an ogre
    54 | D        | Reached XP level 3. HP: 35/35 MP: 5/5
    54 | D        | Reached XP level 4. HP: 41/41 MP: 6/6
    56 | D        | Noticed Sigmund
    71 | D        | Killed Sigmund
    72 | D        | Reached skill level 5 in Axes
    72 | D        | Reached XP level 5. HP: 40/50 MP: 7/7
    87 | D        | Noticed a slime creature
    94 | D        | Killed a slime creature
    95 | D        | Reached XP level 6. HP: 5/60 MP: 8/8
   340 | D        | Found Lomereg's Assorted Antiques.
   340 | D        | Noticed a yak
   347 | D        | Killed a yak
   355 | D        | Bought a scroll labelled YQOFOYF FOA for 20 gold pieces
   373 | D        | Noticed a kobold demonologist
   373 | D        | Noticed a kobold demonologist
   375 | D        | Noticed an ice devil
   378 | D        | Reached XP level 7. HP: 68/68 MP: 9/9
   381 | D        | Noticed an ice devil
   382 | D        | Killed a kobold demonologist
   386 | D        | Killed a kobold demonologist
   387 | D        | Reached XP level 8. HP: 40/77 MP: 10/10
   541 | D        | Noticed a centaur warrior
   545 | D        | Noticed a centaur warrior
   549 | D        | Shot with an arrow by a centaur warrior

Illustrated notes

Levels and vault maps discovered:
D:        dungeon_sprint_1 [red_sonja_temple_1, red_sonja_temple_small_1]

Skill      XL: |  1  2  3  4  5  6  7 |
---------------+----------------------+-----
Fighting       | 3 4 6 7 8 |  8.9
Axes           | 3 4 5 6 7 8 |  8.6
Armour         | 3 4 6 7 8 |  8.9
Shields        | 3 4 6 7 8 |  8.9

Action                     |  1- 3 |  4- 6 |  7- 9 || total
---------------------------+-------+-------+-------++-------
  Melee: War axe           |     6 |    33 |    11 ||    50
    Use: Potion            |     3 |       |     1 ||     4
 Armour: Scale mail        |     1 |       |       ||     1
         Ring mail         |       |     5 |     9 ||    14
  Dodge: Dodged            |     1 |    10 |     4 ||    15
  Block: Buckler           |       |     4 |     2 ||     6
